AoeStats
← 白鹿城拉车车

MegaRandom

507955615Analyzed
4v4 RM · 11d ago on Sep 20, 2026· 45m 39s· 8 players
Game mode
Random Map
Map size
Large (8 player)
Population
200
Speed
Normal
Resources
Standard
Victory
Conquest
Starting age
Dark Age
Ending age
Imperial Age
RankedLock teamsTeams togetherTeam positionsShared explorationLock speedFull tech treeHidden civsTurbo modeCheats
Victory
Defeat
🇨🇳 Malay · China
1348
+16
🇨🇳 Japanese · China
1328
+17
🇪🇸 Cumans · Spain
1312
+18
🇮🇳 Lithuanians · India
1303
+18
🇦🇺 Britons · Australia
1414
-20
🇦🇺 Persians · Australia
1367
-18
🇩🇪 Malians · Germany
1320
-16
🇵🇱 Portuguese · Poland
1299
-15
BLADE
7:03 Loom
9:30 Feudal Age
10:46 Double-Bit Axe
17:58 Castle Age
18:06 Forging
18:13 Bloodlines
19:50 Bow Saw
20:24 Husbandry
21:58 Scale Barding Armor
24:51 Horse Collar
26:25 Wheelbarrow
27:45 Chain Barding Armor
28:54 Iron Casting
32:18 Hand Cart
33:17 Town Watch
37:02 Imperial Age
35:10 Heavy Plow
36:32 Scale Mail Armor
36:37 Squires
35:58 Man-at-Arms
36:23 Arson
36:19 Pikeman
36:57 Gold Mining
38:15 Conscription
37:23 Long Swordsman
38:22 Chain Mail Armor
38:18 Two-Handed Swordsman
39:01 Champion
白鹿城拉车车
10:52 Feudal Age
14:19 Castle Age
13:08 Double-Bit Axe
18:37 Horse Collar
21:39 Wheelbarrow
21:04 Loom
22:21 Bow Saw
23:59 Forging
23:55 Scale Barding Armor
23:53 Stone Mining
23:54 Gold Mining
24:14 Heavy Plow
25:31 Iron Casting
25:45 Hand Cart
26:38 Husbandry
29:32 Town Watch
32:55 Imperial Age
31:37 Stone Shaft Mining
33:47 Blast Furnace
34:11 Gold Shaft Mining
34:10 Elite Battle Elephant
35:18 Light Cavalry
36:57 Fletching
37:07 Padded Archer Armor
38:32 Forced Levy
38:46 Capped Ram
40:09 Bodkin Arrow
42:52 Guilds
44:01 Bracer
43:24 Pikeman
44:04 Squires
43:44 Man-at-Arms
44:10 Arson
44:52 Conscription
44:46 Caravan
45:34 Long Swordsman
Aspirante
6:24 Loom
8:48 Feudal Age
9:26 Horse Collar
12:23 Double-Bit Axe
20:01 Scale Mail Armor
20:11 Forging
26:15 Castle Age
24:53 Bloodlines
24:56 Scale Barding Armor
25:01 Forging
24:56 Gold Mining
26:30 Wheelbarrow
26:25 Forging
28:02 Chain Barding Armor
28:17 Iron Casting
31:14 Iron Casting
31:36 Hand Cart
32:49 Heavy Plow
33:02 Bow Saw
37:20 Imperial Age
36:14 Stone Mining
35:57 Light Cavalry
37:25 Cavalier
38:45 Plate Barding Armor
40:11 Blast Furnace
38:47 Hussar
630406632
10:46 Feudal Age
15:37 Castle Age
14:44 Double-Bit Axe
15:33 Horse Collar
17:27 Bow Saw
18:04 Arson
18:40 Loom
20:53 Gold Mining
22:22 Squires
23:07 Scale Mail Armor
24:28 Forging
26:54 Fletching
28:05 Wheelbarrow
28:04 Stone Mining
29:12 Yasama
29:53 Guard Tower
30:10 Heavy Plow
30:18 Bodkin Arrow
35:18 Imperial Age
33:21 Hand Cart
35:14 Gold Shaft Mining
34:17 Pikeman
34:42 Gambesons
36:25 Bracer
37:06 Keep
37:49 Two-Man Saw
38:14 Chemistry
38:03 Ballistics
38:25 Siege Engineers
38:31 Masonry
39:12 Chain Mail Armor
39:33 Iron Casting
40:13 Conscription
41:06 Plate Mail Armor
41:27 Kataparuto
42:10 Halberdier
45:38 Blast Furnace
Felida
10:05 Feudal Age
10:35 Loom
14:49 Castle Age
13:25 Horse Collar
19:27 Forging
22:07 Double-Bit Axe
23:28 Scale Mail Armor
25:21 Squires
25:06 Arson
27:24 Iron Casting
27:04 Heavy Plow
27:03 Town Watch
27:51 Arson
29:28 Wheelbarrow
30:05 Gold Mining
30:56 Chain Mail Armor
30:35 Pikeman
38:49 Imperial Age
36:35 Hand Cart
37:38 Fletching
38:44 Bodkin Arrow
39:12 Ballistics
38:33 Treadmill Crane
38:49 Murder Holes
39:05 Masonry
40:06 Conscription
40:24 Hoardings
40:58 Hoardings
40:20 Man-at-Arms
42:35 Long Swordsman
44:33 Plate Mail Armor
45:02 Elite Gbeto
antikiller247
10:35 Feudal Age
10:24 Loom
11:06 Double-Bit Axe
17:30 Castle Age
16:16 Horse Collar
17:12 Scale Mail Armor
18:03 Pikeman
20:58 Bow Saw
22:25 Forging
25:04 Iron Casting
25:11 Gold Mining
26:41 Heavy Plow
27:05 Stone Mining
27:53 Chain Mail Armor
29:03 Wheelbarrow
28:13 Town Watch
The Rohirrim
10:48 Feudal Age
12:07 Loom
14:52 Castle Age
14:42 Bloodlines
15:27 Double-Bit Axe
18:31 Scale Barding Armor
25:08 Chain Barding Armor
26:18 Forging
28:14 Iron Casting
33:54 Horse Collar
34:28 Bow Saw
39:14 Imperial Age
38:53 Cavalier
40:10 Plate Barding Armor
39:49 Heavy Camel Rider
42:07 Two-Man Saw
TheWololoWombat
10:27 Feudal Age
11:02 Feudal Age
12:26 Loom
15:14 Castle Age
14:11 Fletching
14:22 Padded Archer Armor
14:41 Double-Bit Axe
15:33 Horse Collar
21:07 Wheelbarrow
20:35 Crossbowman
22:00 Bodkin Arrow
22:34 Padded Archer Armor
23:41 Ballistics
23:51 Leather Archer Armor
26:44 Hand Cart
33:54 Imperial Age
34:54 Bracer
36:02 Chemistry
36:13 Conscription
35:24 Arbalester
36:05 Capped Ram
37:50 Ring Archer Armor
Connection lost

Rejoining the realm…

Still unreachable

The connection could not be restored.

Session expired

The server has moved on; the page needs a fresh start.